 Dungeon Crawl Stone Soup version 0.30-a0-6-g7c9e10e132 (webtiles) character file.

Game seed: 14362661232672895621

100 Flugkiller the Covered (level 4, -6/41 HPs)
             Began as a Minotaur Fighter on Aug 22, 2022.
             Mangled by a gnoll
             ... wielding a +0 halberd
              (12 damage)
             ... on level 2 of the Dungeon.
             The game lasted 00:00:44 (1223 turns).

Flugkiller the Covered (Minotaur Fighter)           Turns: 1223, Time: 00:00:44

Health: -6/41      AC:  7    Str: 20    XL:     4   Next: 46%
Magic:  3/3        EV:  9    Int:  5    God:
Gold:   185        SH:  4    Dex: 12    Spells: 3/3 levels left

rFire   . . .      SeeInvis .    a - +0 war axe
rCold   . . .      Faith    .    c - +0 buckler
rNeg    . . .      Spirit   .    b - +0 scale mail
rPois   .          Reflect  .    (helmet restricted)
rElec   .          Harm     .    (no cloak)
rCorr   .          Rampage  .    (no gloves)
Will    .....                    (no boots)
Stlth   ..........               (no amulet)
HPRegen 0.13/turn                (no ring)
MPRegen 0.08/turn                (no ring)

@: no status effects
A: horns 2, retaliatory headbutt
a: no special abilities


You were on level 2 of the Dungeon.
You visited 1 branch of the dungeon, and saw 2 of its levels.

You collected 185 gold pieces.

Inventory:

Hand Weapons
 a - a +0 war axe (weapon)
Missiles
 i - 3 javelins (quivered)
 o - a throwing net
Armour
 b - a +0 scale mail (worn)
 c - a +0 buckler (worn)
Scrolls
 e - a scroll of identify {unknown}
 h - a scroll of enchant armour {unknown}
 j - a scroll of immolation {unknown}
 k - 3 scrolls of blinking {unknown}
 l - a scroll of summoning {unknown}
 m - a scroll of fear {unknown}
 q - a scroll of torment {unknown}
Potions
 d - a potion of might
 f - a potion of mutation {unknown}
 g - 2 potions of brilliance {unknown}
 n - a potion of degeneration {unknown}
 p - a potion of heal wounds {unknown}


   Skills:
 + Level 4.4 Fighting
 * Level 4.4 Axes
 + Level 4.4 Armour
 - Level 3.6 Shields


You had 3 spell levels left.
You didn't know any spells.
Your spell library was empty.

Dungeon Overview and Level Annotations

Branches:
Dungeon (2/15)

Altars:


Innate Abilities, Weirdness & Mutations

You have a pair of horns on your head.
You reflexively headbutt those who attack you in melee.


Message History

No target in view!
No target in view!
o - a throwing net You see here a jackal corpse.
You now have 159 gold pieces (gained 10).
p - a fuming emerald potion You see here a jackal corpse.
You see here a jackal corpse.
A jackal comes into view.
The jackal barks!
The jackal bites you but does no damage.
A jackal is nearby!
A jackal is nearby!
A jackal is nearby!
You closely miss the jackal. Your headbutt misses the jackal.
You block the jackal's attack. The jackal barely misses you.
You slash the jackal!
You kill the jackal!
No target in view!
No target in view!
No target in view!
No target in view!
No target in view!
No target in view!
No target in view!
You see here a jackal corpse.
q - a scroll labelled USHREA KYSAUMYM You now have 173 gold pieces (gained 14).
You see here a jackal corpse.
You now have 179 gold pieces (gained 6).
You see here a jackal corpse.
You see here a jackal corpse.
You now have 185 gold pieces (gained 6).
A gnoll comes into view. It is wielding a +0 halberd.
The gnoll shouts!
A gnoll is nearby!
A gnoll is nearby!
A gnoll is nearby!
A gnoll comes into view. It is wielding a +0 halberd.
The gnoll shouts!
A gnoll comes into view. It is wielding a +0 club.
The gnoll shouts!
The gnoll hits you with a +0 halberd.
You hit the gnoll.
The gnoll is moderately wounded.
The gnoll closely misses you.
You barely miss the gnoll.
The gnoll is moderately wounded.
The gnoll completely misses you. The gnoll hits you with a +0 halberd!
You block the gnoll's attack.
You closely miss the gnoll.
The gnoll is moderately wounded.
The gnoll hits you but does no damage.
The gnoll hits you from afar with a +0 halberd.
You barely miss the gnoll.
The gnoll is moderately wounded.
You closely miss the gnoll. You block the gnoll's attack.
The gnoll hits you but does no damage. x2
You hit the gnoll but do no damage.
The gnoll is moderately wounded.
You closely miss the gnoll. You block the gnoll's attack.
The gnoll hits you from afar with a +0 halberd.
The gnoll barely misses you. x2; You block the gnoll's attack.
The gnoll closely misses you.
You slash the gnoll!
You kill the gnoll!
You slash the gnoll! The gnoll barely misses you. You furiously retaliate!
You headbutt the gnoll. The gnoll barely misses you.
You hit the gnoll. Your headbutt misses the gnoll.
The gnoll is severely wounded.
The gnoll barely misses you. x2
You hit the gnoll but do no damage.
The gnoll is severely wounded.
You block the gnoll's attack.
The gnoll hits you from afar with a +0 halberd!
You block the gnoll's attack. The gnoll barely misses you.
The gnoll hits you with a +0 halberd.
You are too injured to fight recklessly!
You are too injured to fight recklessly!
You barely miss the gnoll. You slash the gnoll!
You kill the gnoll!
The gnoll barely misses you.
You are too injured to fight recklessly!
You barely miss the gnoll. Your headbutt misses the gnoll.
The gnoll barely misses you.
You barely miss the gnoll. The gnoll barely misses you. x2
You hit the gnoll.
The gnoll is moderately wounded.
The gnoll hits you with a +0 halberd!
* * * LOW HITPOINT WARNING * * *
You hit the gnoll.
The gnoll is moderately wounded.
The gnoll completely misses you.
You hit the gnoll. Your headbutt misses the gnoll.
The gnoll is severely wounded.
The gnoll barely misses you.
You closely miss the gnoll.
The gnoll is severely wounded.
The gnoll hits you with a +0 halberd!
You die...

... #.#
#.## ...
#.##.#.##
..
..###.#
###.#.##
#..##
#..# #..#
#).# #.@#
.......g#
######.##
#. #. #.
#. # #. .


You could see a gnoll.

Vanquished Creatures
  2 gnolls (D:2)
  2 adders (D:2)
  3 worms (D:2)
  2 dart slugs (D:2)
  4 endoplasms
  2 giant cockroaches
  4 goblins (D:1)
  6 hobgoblins
  4 jackals (D:2)
  A quokka (D:1)
  6 ball pythons
  4 bats (D:1)
  4 frilled lizards
  2 kobolds
  4 rats (D:1)
50 creatures vanquished.

Notes
Turn   | Place    | Note
-------+----------+-------------------------------------------
     0 | D:1      | Flugkiller the Minotaur Fighter began the quest for the
                  | Orb.
     0 | D:1      | Reached XP level 1. HP: 19/19 MP: 0/0
    61 | D:1      | Reached XP level 2. HP: 13/27 MP: 1/1
   589 | D:1      | Reached XP level 3. HP: 33/33 MP: 2/2
   672 | D:2      | Identified the +1 robe "Nyny" {rElec Will+ Int+6 Dex-4}
   702 | D:2      | Found a faded altar of an unknown god.
  1033 | D:2      | Reached XP level 4. HP: 40/40 MP: 3/3
  1223 | D:2      | Mangled by a gnoll

Illustrated notes

Levels and vault maps discovered:
D:1:      tarquinn_simple_flora_water_d, layout_rooms, minmay_misc_feat_tower
D:2:      layout_loops_ring, basic_ecumenical_altar, columned_hall_lemuel,
          minmay_pentomino_pile

Skill      XL: |  1  2  3 |
---------------+----------+-----
Axes           | 3 4 |  4.4
Fighting       | 4 |  4.4
Armour         | 4 |  4.4
Shields        | |  3.6

Action                   |  1- 3 |  4- 6 || total
-------------------------+-------+-------++-------
Melee: War axe           |    76 |    35 ||   111
       Headbutt          |    11 |     1 ||    12
Armor: Scale mail        |    35 |     7 ||    42
Dodge: Dodged            |    35 |    25 ||    60
Block: Buckler           |    20 |    15 ||    35

Table legend: (Time is in decaauts)
 A = Elapsed time spent in this place.
 B = Non-inter-level travel time spent in this place.
 C = Inter-level travel time spent in this place.
 D = Time resting spent in this place.
 E = Time spent auto-exploring this place.
 F = Levels seen in this place.
 G = Mean time per level.
                   A        B        C        D        E       F      G
               +--------+--------+--------+--------+--------+-----+--------+
         Total |   1262 |   1251 |     11 |     25 |    931 |   2 |  631.0 |
       Dungeon |   1262 |   1251 |     11 |     25 |    931 |   2 |  631.0 |
               +--------+--------+--------+--------+--------+-----+--------+

Top non-repeatable levels by time:
     D:2: 637 daAuts
     D:1: 624 daAuts
